 Dungeon Crawl Stone Soup version 0.30-a0-743-gbfdf073431 (webtiles) character file.

Game seed: 5147399787915505177

6046 jimonade the Covert (level 10, -1/58 HPs)
             Began as a Vampire Brigand on Feb 6, 2023.
             Was a Believer of Uskayaw.
             Slain by an acid dragon (4 damage)
             ... on level 10 of the Dungeon.
             The game lasted 00:21:20 (10283 turns).

jimonade the Covert (Vampire Brigand)              Turns: 10283, Time: 00:21:20

Health: -1/58      AC:  1    Str: 10    XL:     10   Next: 57%
Magic:  0/14       EV: 10    Int: 19    God:    Uskayaw [**....]
Gold:   724        SH: 10    Dex: 23    Spells: 14/14 levels left

rFire   . . .      SeeInvis +    a - +11 trident "Jiuch" {vamp, rCorr Dex+2 SInv}
rCold   + + .      Faith    .    G - +0 kite shield
rNeg    + + +      Spirit   +    v - +0 ring mail
rPois   ∞          Reflect  .    (no helmet)
rElec   .          Harm     .    c - +0 cloak
rCorr   +          Rampage  .    r - +1 pair of gloves
Will    +....                    (no boots)
Stlth   +++++++                  z - amulet of guardian spirit
HPRegen 0.00/turn                s - +6 ring of intelligence
MPRegen 0.14/turn                (no ring)

@: corroded, bloodless, inhibited regen
A: bloodless, fangs 3, see invisible, vampiric 2
a: Bat Form, Revivify, Renounce Religion, Stomp, Line Pass


You were on level 10 of the Dungeon.
You worshipped Uskayaw.
Uskayaw was noncommittal.
You visited 2 branches of the dungeon, and saw 11 of its levels.

You collected 724 gold pieces.

Inventory:

Hand Weapons
 a - the +11 trident "Jiuch" (weapon) {vamp, rCorr Dex+2 SInv}
   (You found it on level 9 of the Dungeon)

   Dex:       It affects your dexterity (+2).
   SInv:      It lets you see invisible.
   rCorr:     It protects you from acid and corrosion.
 u - a +3 dagger
 w - a +1 dagger of venom
 D - the +4 long sword of a Labyrinth {flame, Will++ Str+2}
   (You found it on level 2 of the Dungeon)

   Str:       It affects your strength (+2).
   Will:      It greatly increases your willpower.
 P - a +0 rapier
 T - a +1 dagger of draining
Missiles
 d - 36 poisoned darts (quivered)
 e - 3 curare-tipped darts
 A - 4 throwing nets
Armour
 b - a +0 robe
 c - a +0 cloak (worn)
 g - a +0 leather armour
 r - a +1 pair of gloves (worn)
 v - a +0 ring mail (worn)
 F - a +0 chain mail
 G - a +0 kite shield (worn)
 H - the +0 leather armour of Adyoche {rC+ Str+3 Dex+4 Stlth-}
   (You found it on level 4 of the Dungeon)

   Str:       It affects your strength (+3).
   Dex:       It affects your dexterity (+4).
   rC:        It protects you from cold.
   Stlth:     It makes you less stealthy.
 N - a +0 buckler
 U - a +1 robe
Jewellery
 n - an amulet of magic regeneration
 s - a +6 ring of intelligence (left hand)
 t - a ring of fire
 z - an amulet of guardian spirit (around neck)
Wands
 B - a wand of iceblast (4)
 K - a wand of paralysis (4)
 L - a wand of polymorph (12)
 S - a wand of acid (11)
Scrolls
 j - 3 scrolls of magic mapping
 k - a scroll of enchant armour
 x - 2 scrolls of teleportation
 y - a scroll of immolation
 E - a scroll of fog
 J - a scroll of amnesia
 Q - a scroll of enchant weapon
Potions
 f - 5 potions of might
 h - 2 potions of resistance {unknown}
 i - 4 potions of invisibility
 l - 2 potions of berserk rage {unknown}
 m - 2 potions of cancellation {unknown}
 o - 2 potions of degeneration {unknown}
 p - 3 potions of haste {unknown}
 q - 8 potions of curing
 C - 3 potions of mutation {unknown}
 I - 2 potions of brilliance {unknown}
 M - 4 potions of lignification
 O - 3 potions of heal wounds {unknown}
 R - a potion of ambrosia {unknown}
Miscellaneous
 V - a piece from Xom's chessboard (15/15)


   Skills:
 + Level 4.7 Fighting
 - Level 2.6(7.6) Short Blades
 - Level 10.2(10.4) Long Blades
 * Level 0.6 Polearms
 + Level 1.7 Throwing
 + Level 4.4 Armour
 + Level 3.2 Dodging
 + Level 11.2 Stealth
 + Level 3.0 Shields
 - Level 2.8 Spellcasting
 * Level 4.0 Invocations


You had 14 spell levels left.
You didn't know any spells.
Your spell library contained the following spells:

 Spells                   Type           Power      Damage    Failure   Level
 Apportation              Tloc           4%         N/A       75%         1
 Beastly Appendage        Tmut           4%         N/A       75%         1
 Magic Dart               Conj           8%         1d3       75%         1
 Necrotise                Necr           8%         1d4       75%         1
 Sandblast                Erth           4%         2d4       75%         1
 Summon Small Mammal      Summ           8%         N/A       75%         1
 Passwall                 Tmut/Erth      1%         N/A       87%         2
 Searing Ray              Conj           4%         2d4       87%         2
 Wereblood                Tmut           2%         N/A       87%         2
 Dazzling Flash           Conj/Hex       4%         N/A       98%         3
 Spider Form              Tmut/Pois      2%         N/A       98%         3
 Stone Arrow              Conj/Erth      4%         3d7       98%         3
 Fulminant Prism          Conj/Hex       1%         3d5       100%        4
 Olgreb's Toxic Radiance  Pois           2%         N/A       100%        4
 Agony                    Necr           2%         N/A       100%        5
 Silence                  Hex/Air        1%         N/A       100%        5
 Ozocubu's Refrigeration  Ice            1%         4d7       100%        7
 Ignition                 Fire           1%         3d3       100%        8


Dungeon Overview and Level Annotations

Branches:
Dungeon (10/15)            Temple (1/1) D:5
   Lair: D:8-11         Orc: D:9-12

Altars:
Ashenzari
Cheibriados
Dithmenos
Fedhas
Gozag
Hepliaklqana
Kikubaaqudgha
Makhleb
Nemelex Xobeh
Okawaru
Qazlal
Ru
Sif Muna
Trog
Uskayaw
Vehumet
Wu Jian
Xom
Yredelemnul

Annotations:
D:7 3 runed translucent doors
D:9 3 runed translucent doors, BigDaddyOpFi's ghost, journeyman FoFi; GiantSquids's ghost, journeyman HOMo; HilariousDeathArtist's ghost, novice KoGl; superbruh's ghost, novice HOFi


Innate Abilities, Weirdness & Mutations

You do not regenerate when monsters are visible.
You are frail without blood (-20% HP).
You can heal yourself when you bite living creatures.
You are immune to poison.
You have razor-sharp teeth.
You have supernaturally acute eyesight. (SInv)
You are afflicted with vampirism and can become a bat while bloodless.


Message History

You start waiting.
Done waiting.
You climb downwards.
The gnoll hits you with a +0 whip. The acid dragon spits acid at you.
The splash of acid hits you! You resist. The acid corrodes you!
The gnoll closely misses you.
You hear a bellow! x3
There is a stone staircase leading up here.
You puncture the gnoll!
You feel better.
The gnoll is severely wounded.
The acid dragon spits acid at you. The splash of acid hits you! You resist.
The acid corrodes you! The gnoll barely misses you.
You hit the gnoll.
You feel better.
You kill the gnoll!
You barely miss the acid dragon. The acid dragon bites you!
The acid dragon claws you.
You hit the acid dragon but do no damage.
The acid dragon spits acid at you. The splash of acid hits you! You resist.
The acid dragon bites you!
* * * LOW HITPOINT WARNING * * *
You block the acid dragon's attack.
You hear a bellow!
You are too injured to fight recklessly!
You hit the acid dragon.
You feel better.
The acid dragon is moderately wounded.
You block the acid dragon's attack. The acid dragon closely misses you.
You hit the acid dragon.
You feel better.
The acid dragon is heavily wounded.
The acid dragon spits acid at you. The splash of acid hits you! You resist.
* * * LOW HITPOINT WARNING * * *
The acid corrodes you!
You can now pass through a line of other dancers.
You closely miss the acid dragon.
The acid dragon is heavily wounded.
The acid dragon bites you!
* * * LOW HITPOINT WARNING * * *
The acid dragon claws you.
You die...

...... .....#
.....# .....#+ #
.......
#.#######.......
................
.......<......#
..##..)@##[.....
#...D# .....
####.. .... ....
... ..... ..
....... .
##......
........


You could see an acid dragon.

Vanquished Creatures
  3 cyclopes (D:7)
  Joseph (D:8)
  Prince Ribbit (D:8)
  A spriggan (D:9)
  A shadow (D:7)
  A wraith (D:7)
  Grum (D:9)
  4 yaks (D:9)
  2 water moccasins
  A sky beast (D:8)
  2 orc warriors (D:8)
  2 ice beasts (D:5)
  3 black bears
  2 wolves (D:9)
  A centaur (D:9)
  An ogre (D:7)
  3 phantoms
  2 lemures (D:7)
  A kobold brigand (D:8)
  2 necrophages
  3 bullfrogs
  Blork the orc (D:5)
  2 gnoll sergeants
  2 scorpions
  3 killer bees (D:9)
  3 jellies
  A hound (D:4)
  9 orc priests
  A gnoll bouda (D:5)
  2 orc wizards (D:8)
  4 iguanas
  7 adders
  22 gnolls
  A shadow imp (D:5)
  A white imp (D:6)
  An ufetubus (D:5)
  4 worms
  18 orcs
  8 ball pythons
  5 bats
  5 endoplasms
  4 goblins
  11 hobgoblins
  7 kobolds
  4 quokkas
  6 frilled lizards
  7 rats
177 creatures vanquished.

Vanquished Creatures (others)
  A human (D:6)
  A bush (D:9)
2 creatures vanquished.

Grand Total: 179 creatures vanquished

Notes
Turn   | Place    | Note
-------+----------+-------------------------------------------
     0 | D:1      | jimonade the Vampire Brigand began the quest for the Orb.
     0 | D:1      | Reached XP level 1. HP: 16/16 MP: 1/1
   182 | D:1      | Reached skill level 6 in Stealth
   409 | D:1      | Reached XP level 2. HP: 17/17 MP: 2/2
  1195 | D:2      | Gained mutation: You are afflicted with vampirism and can
                  | become a bat while bloodless. [Vampire growth]
  1195 | D:2      | Reached XP level 3. HP: 21/21 MP: 3/3
  1206 | D:2      | Reached skill level 7 in Stealth
  1340 | D:2      | Identified the +4 long sword of a Labyrinth {flame, Will++
                  | Str+2}
  1684 | D:2      | Reached skill level 1 in Long Blades
  1791 | D:2      | Reached XP level 4. HP: 9/26 MP: 4/4
  1953 | D:3      | Reached XP level 5. HP: 20/30 MP: 5/5
  2264 | D:3      | Found a bloodstained altar of Trog.
  2546 | D:3      | Found an opulent altar of Gozag.
  2940 | D:4      | Identified the +0 leather armour of Adyoche {rC+ Str+3
                  | Dex+4 Stlth-}
  3135 | D:4      | Noticed a phantom
  3167 | D:4      | Killed a phantom
  3168 | D:4      | Reached skill level 8 in Stealth
  3168 | D:4      | Reached XP level 6. HP: 23/35 MP: 3/6
  3240 | D:4      | Found a sacrificial altar of Ru.
  3802 | D:5      | Entered Level 5 of the Dungeon
  3952 | D:5      | Reached skill level 1 in Armour
  3952 | D:5      | Reached skill level 1 in Spellcasting
  3962 | D:5      | Reached XP level 7. HP: 30/40 MP: 6/8
  4016 | D:5      | Found a blossoming altar of Fedhas.
  4041 | D:5      | Reached skill level 5 in Long Blades
  4041 | D:5      | Reached skill level 1 in Shields
  4327 | D:5      | Noticed Blork the orc
  4336 | D:5      | Killed Blork the orc
  4657 | D:5      | Reached XP level 8. HP: 37/45 MP: 9/11
  4919 | D:5      | Found a staircase to the Ecumenical Temple.
  4934 | Temple   | Entered the Ecumenical Temple
  5223 | D:6      | Reached skill level 9 in Stealth
  5615 | D:6      | Found a shimmering altar of Xom.
  5656 | D:6      | Found an ancient bone altar of Kikubaaqudgha.
  5740 | D:6      | Found a hide-covered altar of Uskayaw.
  5774 | D:6      | Became a worshipper of Uskayaw the Reveller
  5845 | D:6      | Reached * piety under Uskayaw
  5936 | D:6      | Reached ** piety under Uskayaw
  6146 | D:7      | Reached *** piety under Uskayaw
  6283 | D:7      | Found a runed translucent door.
  6286 | D:7      | Found a runed translucent door.
  6286 | D:7      | Found a runed translucent door.
  6286 | D:7      | Noticed a slime creature
  6286 | D:7      | Noticed a manticore
  6357 | D:7      | Reached skill level 1 in Invocations
  6387 | D:7      | Reached XP level 9. HP: 50/50 MP: 13/13
  6398 | D:7      | Noticed a cyclops
  6398 | D:7      | Noticed a boulder beetle
  6672 | D:7      | Found an iron altar of Okawaru.
  6882 | D:7      | Reached skill level 10 in Stealth
  7008 | D:7      | Noticed a cyclops
  7058 | D:7      | Noticed a cyclops
  7070 | D:7      | Killed a cyclops
  7260 | D:7      | Killed a cyclops
  7322 | D:7      | Killed a cyclops
  7608 | D:8      | Noticed Joseph
  7620 | D:8      | Killed Joseph
  7761 | D:8      | Reached XP level 10. HP: 56/56 MP: 14/14
  8118 | D:8      | Noticed Prince Ribbit
  8132 | D:8      | Killed Prince Ribbit
  8517 | D:9      | Found an iron altar of Okawaru.
  9014 | D:9      | Noticed Grum
  9027 | D:9      | Reached **** piety under Uskayaw
  9030 | D:9      | Killed Grum
  9031 | D:9      | Reached skill level 10 in Long Blades
  9031 | D:9      | Reached skill level 11 in Stealth
  9103 | D:9      | Found a runed translucent gate.
  9103 | D:9      | Found a runed translucent gate.
  9104 | D:9      | Found a runed translucent gate.
  9104 | D:9      | Noticed GiantSquids's ghost (journeyman HOMo)
  9104 | D:9      | Noticed BigDaddyOpFi's ghost (journeyman FoFi)
  9104 | D:9      | Noticed superbruh's ghost (novice HOFi)
  9105 | D:9      | Noticed HilariousDeathArtist's ghost (novice KoGl)
  9342 | D:9      | Identified the +11 trident "Jiuch" {vamp, rCorr Dex+2 SInv}
  9471 | D:9      | Found a broken altar of Ashenzari.
  9906 | D:9      | Found a hazy altar of Hepliaklqana.
  9907 | D:9      | Found a faded altar of an unknown god.
  9911 | D:9      | Paralysed by a spriggan for 5 turns
 10142 | D:10     | Entered Level 10 of the Dungeon
 10283 | D:10     | Slain by an acid dragon

Illustrated notes

Levels and vault maps discovered:
D:1:      scummos_arrival_star, layout_basic, serial_forest,
          infiniplex_forest_corner_2, infiniplex_forest_lined_2,
          infiniplex_forest_lined_corner, infiniplex_forest_clump_diagonal,
          infiniplex_forest_lined_2, infiniplex_forest_end_3,
          infiniplex_forest_join, infiniplex_forest_clump_C
D:2:      kb_forest_paths, layout_basic
D:3:      layout_loops_corners, trog_hazing_becter,
          mainiacjoe_overflow_alcove_2, serial_aquarium, aquarium_bridge_square
          [aquarium_subvault_wall, aquarium_subvault_balcony,
          aquarium_subvault_bridge, aquarium_subvault_bridge],
          aquarium_window_1, aquarium_window_2, aquarium_window_double,
          aquarium_window_1, aquarium_view_2f, aquarium_balcony_3b,
          aquarium_pool_1
D:4:      layout_rooms, hangedman_ru_absence, wad_orctagon
D:5:      layout_basic, lemuel_crystal_altar, minmay_temple_entry_proselytizer,
          uniq_blork_the_orc
D:6:      layout_basic, minitemple, mainiacjoe_overflow_paths,
          tgw_kikubaaqudgha, minmay_misc_feat_cross
D:7:      minmay_the_grid_four_pointed_star
          [minmay_the_grid_triangle_9x9_fully_insulated_deathbox,
          minmay_the_grid_triangle_9x9_intruding_spiral,
          minmay_the_grid_triangle_9x9_sparse_checkered,
          minmay_the_grid_triangle_9x9_zippers_horizontal,
          minmay_the_grid_prize_inner_circle], layout_loops_ring,
          amcnicky_altar_gilded, uniq_pikel
D:8:      layout_loops_ring, uniq_prince_ribbit1, uniq_joseph
D:9:      layout_gridville, mainiacjoe_overflow_cross_hatched,
          beargit_hepliaklqana_dungeon_heroes, gammafunk_ghost_cemetery,
          david_defended_altar_orc, uniq_grum
D:10:     layout_basic, lair_entry_dummy, hellmonk_guarded_unrand_zhor,
          uniq_fannar
Temple:   minmay_temple_curvy_loop

Skill      XL: |  1  2  3  4  5  6  7  8  9 10 |
---------------+-------------------------------+-----
Stealth        | 6 7 8 9 10 11 | 11.2
Fighting       | 2 3 4 |  4.7
Long Blades    | 1 2 3 4 6 7 9 10 | 10.2
Armour         | 1 2 3 4 |  4.4
Spellcasting   | 1 2 |  2.8
Shields        | 1 2 3 |  3.0
Dodging        | 2 3 |  3.2
Invocations    | 1 3 4 |  4.0
Short Blades   | |  2.6
Polearms       | |  0.6
Throwing       | |  1.7

Action                     |  1- 3 |  4- 6 |  7- 9 | 10-12 || total
---------------------------+-------+-------+-------+-------++-------
  Melee: Dagger            |    60 |       |       |       ||    60
         Long sword        |    23 |   108 |   197 |    89 ||   417
         Bite              |     5 |     5 |    22 |    13 ||    45
         Trident           |       |       |       |    22 ||    22
Ability: Exsanguinate      |     1 |       |       |       ||     1
    Use: Scroll            |       |       |       |    14 ||    14
   Stab: Sleeping          |    18 |    16 |    16 |     5 ||    55
         Distracted        |       |       |     1 |     1 ||     2
         Paralysed         |       |       |     4 |     4 ||     8
 Armour: Robe              |    11 |       |       |       ||    11
         Ring mail         |     1 |    31 |    34 |    30 ||    96
  Dodge: Dodged            |    34 |    34 |    59 |    29 ||   156
  Block: Kite shield       |     4 |    47 |    71 |    50 ||   172

Table legend: (Time is in decaauts)
 A = Elapsed time spent in this place.
 B = Non-inter-level travel time spent in this place.
 C = Inter-level travel time spent in this place.
 D = Time resting spent in this place.
 E = Time spent auto-exploring this place.
 F = Levels seen in this place.
 G = Mean time per level.
                   A        B        C        D        E       F      G
               +--------+--------+--------+--------+--------+-----+--------+
         Total |  10413 |   9910 |    503 |    845 |   6409 |  11 |  946.6 |
       Dungeon |  10191 |   9715 |    476 |    845 |   6219 |  10 | 1019.1 |
        Temple |    221 |    194 |     27 |      0 |    190 |   1 |  221.0 |
               +--------+--------+--------+--------+--------+-----+--------+

Top non-repeatable levels by time:
     D:9: 1721 daAuts
     D:7: 1424 daAuts
     D:5: 1209 daAuts
     D:3: 1075 daAuts
     D:2: 1035 daAuts
     D:6: 1021 daAuts
     D:8: 940 daAuts
     D:4: 919 daAuts
     D:1: 819 daAuts
  Temple: 221 daAuts
    D:10: 23 daAuts
